 Dungeon Crawl Stone Soup version 0.27.0-1-g7a089689b8 (webtiles) character file.

Game seed: 6857472584732539977

0 thirtiethelement the Skirmisher (level 1, -33/18 HPs)
             Began as a Demonspawn Abyssal Knight on Aug 11, 2021.
             Was a Follower of Lugonu.
             Annihilated by a tentacled starspawn (36 damage)
             ... on level 5 of the Abyss.
             The game lasted 00:01:07 (151 turns).

thirtiethelement the Skirmisher (DsAK)               Turns: 151, Time: 00:01:07

Health: -33/18     AC:  3    Str: 12    XL:     1   Next: 0%
Magic:  2/2        EV: 11    Int: 13    God:    Lugonu [*.....]
Gold:   28         SH:  0    Dex: 12    Spells: 0/0 levels left

rFire    . . .     SeeInvis .   a - +1 falchion
rCold    . . .     Faith    .   (no shield)
rNeg     . . .     Spirit   .   b - +0 leather armour
rPois    .         Reflect  .   (no helmet)
rElec    .         Harm     .   (no cloak)
rCorr    .         Rampage  .   (no gloves)
Will     .....                  (no boots)
Stlth    +.........             (no amulet)
HPRegen  0.06/turn              (no ring)
MPRegen  0.08/turn              (no ring)

@: no status effects
A: no striking features
a: Renounce Religion, Depart the Abyss


You were on level 5 of the Abyss.
You worshipped Lugonu.
Lugonu was aware of your devotion.
You visited 0 branches of the dungeon, and saw 0 of its levels.
You visited the Abyss 1 time.

You collected 28 gold pieces.

Inventory:

Hand Weapons
 a - a +1 falchion (weapon)
Armour
 b - a +0 leather armour (worn)
Wands
 d - a wand of acid (4)
Potions
 c - a potion of lignification {unknown}


   Skills:
 + Level 3.0 Fighting
 + Level 1.7 Long Blades
 + Level 1.7 Armour
 + Level 0.8 Dodging
 + Level 2.4 Invocations


You couldn't memorise any spells.
You didn't know any spells.
Your spell library was empty.

Dungeon Overview and Level Annotations

Branches:
Dungeon (0/15)

Altars:


Message History

Found 5 gold pieces.
You now have 28 gold pieces (gained 5).
A tentacled starspawn comes into view.
A tentacle flies out from the starspawn's body!
A starspawn tentacle comes into view.
Aiming: Corrosive Bolt
Press: ? - help, Shift-Dir - straight line, f - tentacled starspawn
Aim: a tentacled starspawn (90% to hit)
The bolt of acid hits the tentacled starspawn!
The tentacled starspawn is splashed with acid.
The acid corrodes the tentacled starspawn!
The tentacled starspawn is moderately damaged.
The tentacled starspawn barely misses you.
The tentacled starspawn tentacle-slaps you!
Ouch! That really hurt!
* * * LOW HITPOINT WARNING * * *
A tentacle flies out from the starspawn's body!
A starspawn tentacle comes into view.
Aiming: Corrosive Bolt
Press: ? - help, Shift-Dir - straight line, f/p - tentacled starspawn
Aim: a tentacled starspawn (lightly damaged, covered in acid, 90% to hit)
The bolt of acid misses the tentacled starspawn.
The bolt of acid hits the starspawn tentacle!
The starspawn tentacle is splashed with acid.
The acid corrodes the starspawn tentacle!
The starspawn tentacle is severely damaged.
A starspawn tentacle comes into view.
The starspawn tentacle closely misses you.
You riposte.
You slash the starspawn tentacle!
The starspawn tentacle is almost destroyed.
Aiming: Corrosive Bolt
Press: ? - help, Shift-Dir - straight line, f/p - tentacled starspawn
Aim: a tentacled starspawn (heavily damaged, covered in acid, 90% to hit)
The bolt of acid hits the tentacled starspawn!
The tentacled starspawn is splashed with acid!
The tentacled starspawn seems to be corroded for longer.
The tentacled starspawn is severely damaged.
The tentacled starspawn bites you!!!
Ouch! That really hurt!
You die...

..X...#
### ..#..
#. .
...##. #
....... .#
.# ..#
..###.#
.#≈≈≈## .#
# #≈≈
..###.# .♣
.##
#.########
≈≈≈
##...##X@#
≈≈#.
.#.#.w#w#
≈≈.# #.#
#....## ##
#.##...#
#. ##.##
.# ### #.
.# ##


You could see a tentacled starspawn (corroded) and 2 starspawn tentacles.

Vanquished Creatures (others)
  4 starspawn tentacles (Abyss:5)
4 creatures vanquished.

Notes
Turn   | Place    | Note
-------+----------+-------------------------------------------
     0 | Abyss:1  | thirtiethelement the Demonspawn Abyssal Knight began the
                  | quest for the Orb.
     0 | Abyss:1  | Reached XP level 1. HP: 18/18 MP: 2/2
    25 | Abyss:1  | Found a burning altar of Makhleb.
    50 | Abyss:2  | Found an ancient bone altar of Kikubaaqudgha.
    68 | Abyss:2  | Noticed a small abomination
    86 | Abyss:3  | Noticed a purple ugly thing
   108 | Abyss:5  | Entered Level 5 of the Abyss
   126 | Abyss:5  | Noticed a tentacled starspawn
   151 | Abyss:5  | Annihilated by a tentacled starspawn

Illustrated notes

Levels and vault maps discovered:
Abyss:5:  base: Temple, hangedman_summoners_spam,
          grunt_abyss_rune_wretched_hive, evilmike_abyss_exit_6

Action                   || total
-------------------------++-------
Evoke: Wand              ||     3
Dodge: Dodged            ||     2
       Rpst.: Falchion   ||     1
